AoeStats
← Cronida

Black Forest

506528641Analyzed
1v1 RM · 18d ago on Sep 13, 2026· 21m 37s· 2 players
Game mode
Random Map
Map size
Tiny (2 player)
Population
200
Speed
Normal
Resources
Standard
Victory
Conquest
Starting age
Dark Age
Ending age
Imperial Age
RankedLock teamsTeams togetherTeam positionsShared explorationLock speedFull tech treeHidden civsTurbo modeCheats
Victory
Defeat
🇺🇸 Cumans · United States
924
+15
🇦🇷 Byzantines · Argentina
903
-42
Cronida
1:43 Loom
14:49 Feudal Age
16:38 Double-Bit Axe
17:18 Horse Collar
rojasfelix253
0:29 Loom
11:24 Feudal Age
12:06 Double-Bit Axe
17:47 Man-at-Arms
Connection lost

Rejoining the realm…

Still unreachable

The connection could not be restored.

Session expired

The server has moved on; the page needs a fresh start.